 Dungeon Crawl Stone Soup version 0.30-a0-782-ge64f9170bb (webtiles) character file.

Game seed: 3006736042901315754

3698 112233 the Thaumaturge (level 10, -2/56 HPs)
             Began as an Octopode Conjurer on Feb 25, 2023.
             Was an Initiate of Gozag.
             Slain by a bullfrog (7 damage)
             ... on level 8 of the Dungeon.
             The game lasted 00:08:00 (9647 turns).

112233 the Thaumaturge (Octopode Conjurer)          Turns: 9647, Time: 00:08:01

Health: -2/56      AC:  1    Str:  8    XL:     10   Next: 13%
Magic:  10/26      EV: 13    Int: 24    God:    Gozag
Gold:   488        SH:  5    Dex: 10    Spells: 23/34 levels left

rFire   . . .      SeeInvis +    n - +2 dagger (venom)
rCold   . . .      Faith    .    (no shield)
rNeg    . . .      Spirit   .    (helmet restricted)
rPois   .          Reflect  +    D - amulet of reflection
rElec   .          Harm     .    e - ring of see invisible
rCorr   +          Rampage  .    s - ring of wizardry
Will    +....                    t - ring of willpower
Stlth   +++                      z - ring of flight
HPRegen 0.29/turn                C - ring of resist corrosion
MPRegen 0.20/turn                (no ring)
                                 (no ring)
                                 (no ring)

@: gold aura, flying
A: almost no armour, amphibious, 8 rings, camouflage 1, gelatinous body 1,
(nimble swimmer 1), tentacles
a: Renounce Religion, Potion Petition, Call Merchant, Bribe Branch


You were on level 8 of the Dungeon.
You worshipped Gozag.
Gozag was aware of your devotion.
You visited 2 branches of the dungeon, and saw 9 of its levels.

You collected 808 gold pieces.
You paid 320 gold pieces to Gozag.

Inventory:

Hand Weapons
 n - a +2 dagger of venom (weapon)
Missiles
 E - a throwing net
Magical Staves
 m - a staff of air
Jewellery
 e - a ring of see invisible (left tentacle)
 s - a ring of wizardry (right tentacle)
 t - a ring of willpower (on tentacle)
 z - a ring of flight (on tentacle)
 C - a ring of resist corrosion (on tentacle)
 D - an amulet of reflection (around mantle)
Wands
 g - a wand of polymorph (22)
 q - a wand of roots (22)
 F - a wand of flame (22)
Scrolls
 b - 2 scrolls of teleportation {unknown}
 c - a scroll of vulnerability {unknown}
 d - a scroll of amnesia {unknown}
 h - 2 scrolls of enchant armour {unknown}
 j - 4 scrolls of identify {unknown}
 l - a scroll of blinking {unknown}
 o - a scroll of poison {unknown}
 r - 2 scrolls of brand weapon {unknown}
 y - a scroll of immolation {unknown}
 B - a scroll of torment {unknown}
Potions
 a - 4 potions of magic
 f - 3 potions of curing
 i - 2 potions of lignification {unknown}
 k - 3 potions of ambrosia {unknown}
 p - a potion of heal wounds {unknown}
 u - a potion of attraction {unknown}
 v - a potion of mutation {unknown}
 w - a potion of cancellation {unknown}
 x - a potion of brilliance {unknown}
 A - a potion of berserk rage {unknown}


   Skills:
 - Level 2.9 Dodging
 - Level 4.1 Stealth
 + Level 12.6 Spellcasting
 - Level 4.6 Conjurations


You had 23 spell levels left.
You knew the following spells:

 Your Spells              Type           Power      Damage    Failure   Level
a - Magic Dart            Conj           100%       1d8       1%          1
b - Searing Ray           Conj           74%        2d7       1%          2
c - Iskenderun's Mystic   Conj/Tloc      26%        2d7       6%          4
d - Fulminant Prism       Conj/Hex       13%        3d9       6%          4

Your spell library contained the following spells:

 Spells                   Type           Power      Damage    Failure   Level
 Dazzling Flash           Conj/Hex       52%        N/A       1%          3
 Lesser Beckoning         Tloc           30%        N/A       2%          2
 Gell's Gravitas          Tloc           15%        N/A       4%          3
 Inner Flame              Hex/Fire       15%        N/A       4%          3
 Teleport Other           Tloc           15%        N/A       4%          3
 Flame Wave               Conj/Fire      26%        2d8       6%          4
 Sticky Flame             Conj/Fire      26%        2d5       6%          4


Dungeon Overview and Level Annotations

Branches:
Dungeon (8/15)             Temple (1/1) D:5
   Lair: D:8-11

Altars:
Ashenzari
Dithmenos
Elyvilon
Fedhas
Gozag
Hepliaklqana
Kikubaaqudgha
Makhleb
Nemelex Xobeh
Okawaru
Sif Muna
Uskayaw
Vehumet
Wu Jian
Yredelemnul
Zin
The Shining One

Shops:
D:1 [   D:3 (

Annotations:
D:5 3 runed translucent doors, zibby's ghost, amateur SpBr
D:7 2 transporters, Rrauwl's ghost, novice MiFi


Innate Abilities, Weirdness & Mutations

You cannot wear most types of armour.
You are amphibious.
You can wear up to eight rings at the same time.
Your skin changes colour to match your surroundings (Stealth+).
Your rubbery body absorbs attacks. (AC +1, EV +1)
((You are camouflaged when in or above water. (Stealth+)))
You have tentacles for arms and can constrict up to eight enemies at once.


Message History

The steam dragon is almost dead.
The steam dragon breathes steam at you. The ball of steam misses you.
Unknown command.
Casting: Searing Ray (safe; 1% risk of failure)
Confirm with . or Enter, or press ? or * to list all spells.
Okay, then.
The searing ray hits the steam dragon.
The steam dragon is almost dead.
You finish channelling your searing ray.
The bullfrog is engulfed in a cloud of scalding steam.
The bullfrog hits you. The steam dragon barely misses you.
The steam dragon claws you.
Unknown command.
Casting: Searing Ray (safe; 1% risk of failure)
Confirm with . or Enter, or press ? or * to list all spells.
Okay, then.
Casting: Searing Ray (safe; 1% risk of failure)
Confirm with . or Enter, or press ? or * to list all spells.
You erupt in a blast of force!
The mystic blast hits the bullfrog!
The bullfrog is moderately wounded.
The mystic blast hits the steam dragon.
You kill the steam dragon!
You are engulfed in a cloud of scalding steam.
The bullfrog hits you. You block the bullfrog's attack. The bullfrog hits you.
Unknown command.
Casting: Iskenderun's Mystic Blast (dangerous; 6% risk of failure)
Confirm with . or Enter, or press ? or * to list all spells.
Aiming: Searing Ray (safe; 1% risk of failure)
Press: ? - help, Shift-Dir - straight line, f - bullfrog
Aim: a bullfrog (moderately wounded, 76% to hit)
The searing ray hits the bullfrog!
The bullfrog is almost dead. (Press . to maintain the ray.)
You are engulfed in a cloud of scalding steam.
* * * LOW HITPOINT WARNING * * *
The bullfrog hits you!
You die...
Your body crumbles into a pile of gold.

.................
.................
........$........
....?............
.#####...$.#######
#...$.#.....#
#....ยง#.....#
#.....#.....#
#...F@#)....#
#...$['..)..#
#.....#.....#
.#####.....#.....#
...........#.....#
...........#......+
...........#......#
.....).....#......#
...........########


You could see a bullfrog.

Vanquished Creatures
  Pikel (D:8)
  Maurice (D:8)
  A troll (D:7)
  A steam dragon (D:8)
  A water moccasin (D:7)
  An orc warrior (D:7)
  An ice beast (D:6)
  2 ogres
  3 centaurs
  2 lemures (D:8)
  A phantom (D:5)
  A kobold brigand (D:7)
  5 bullfrogs
  3 scorpions
  3 necrophages
  3 wights (D:6)
  5 killer bees (D:7)
  2 jellies (D:6)
  2 hounds
  An orc priest (D:6)
  A gnoll bouda (D:7)
  7 iguanas
  Ijyb (D:4)
  4 orc wizards
  3 gnolls (D:7)
  10 adders
  A worm (D:4)
  14 orcs
  4 ball pythons
  3 endoplasms
  5 giant cockroaches
  6 goblins
  7 hobgoblins
  7 jackals
  10 kobolds
  4 quokkas
  4 bats
  7 frilled lizards
  8 rats
146 creatures vanquished.

Vanquished Creatures (others)
  3 fulminant prisms
  A fungus (D:5)
  2 plants (D:5)
6 creatures vanquished.

Grand Total: 152 creatures vanquished

Notes
Turn   | Place    | Note
-------+----------+-------------------------------------------
     0 | D:1      | 112233 the Octopode Conjurer began the quest for the Orb.
     0 | D:1      | Reached XP level 1. HP: 11/11 MP: 3/3
   168 | D:1      | Reached XP level 2. HP: 11/17 MP: 0/5
   753 | D:1      | Learned a level 2 spell: Searing Ray
   885 | D:1      | Reached XP level 3. HP: 21/21 MP: 3/6
  1088 | D:1      | Found Bododerr's Antique Armour Shoppe.
  1811 | D:2      | Reached XP level 4. HP: 27/27 MP: 1/7
  2889 | D:3      | Reached skill level 3 in Spellcasting
  2889 | D:3      | Reached XP level 5. HP: 31/31 MP: 5/9
  3248 | D:3      | Found Kudani's Antique Weapon Shop.
  3694 | D:4      | HP: 1/27 [necrophage (3)]
  3696 | D:4      | Reached skill level 4 in Spellcasting
  3696 | D:4      | Reached XP level 6. HP: 1/36 MP: 1/12
  4210 | D:4      | Reached skill level 5 in Spellcasting
  4496 | D:4      | Noticed Ijyb
  4504 | D:4      | Killed Ijyb
  4911 | D:4      | Reached XP level 7. HP: 34/41 MP: 5/15
  4996 | D:4      | Found a shadowy altar of Dithmenos.
  5099 | D:5      | Entered Level 5 of the Dungeon
  5184 | D:5      | Reached skill level 6 in Spellcasting
  5570 | D:5      | Reached skill level 7 in Spellcasting
  5687 | D:5      | Found a staircase to the Ecumenical Temple.
  5704 | Temple   | Entered the Ecumenical Temple
  5874 | Temple   | Became a worshipper of Gozag Ym Sagoz the Greedy
  5952 | D:5      | Found a runed translucent gate.
  5952 | D:5      | Found a runed translucent gate.
  5952 | D:5      | Found a runed translucent gate.
  5955 | D:5      | Noticed zibby's ghost (amateur SpBr)
  6099 | D:5      | Found a basalt altar of Yredelemnul.
  6099 | D:5      | Found an iron altar of Okawaru.
  6191 | D:6      | Found a radiant altar of Vehumet.
  6229 | D:6      | Reached XP level 8. HP: 45/46 MP: 6/19
  6496 | D:6      | Found a glowing silver altar of Zin.
  6710 | D:6      | Reached skill level 8 in Spellcasting
  7212 | D:6      | Reached skill level 9 in Spellcasting
  7294 | D:6      | Identified the +0 dagger "Noanik" {vamp, Str+3 Dex+2}
  7399 | D:6      | Found the +7 Spriggan's Knife {stab, EV+4 Stlth+}
  7782 | D:7      | Noticed a two-headed ogre
  7788 | D:7      | Noticed Rrauwl's ghost (novice MiFi)
  8012 | D:7      | Reached XP level 9. HP: 45/51 MP: 16/22
  8063 | D:7      | Found a blossoming altar of Fedhas.
  8068 | D:7      | Reached skill level 10 in Spellcasting
  8680 | D:7      | Found a transporter.
  8684 | D:7      | Found a transporter.
  8740 | D:7      | Noticed a troll
  8749 | D:7      | Learned a level 4 spell: Iskenderun's Mystic Blast
  8754 | D:7      | Learned a level 4 spell: Fulminant Prism
  8767 | D:7      | Killed a troll
  8768 | D:7      | Reached skill level 11 in Spellcasting
  9352 | D:8      | Noticed Pikel
  9363 | D:8      | Killed Pikel
  9364 | D:8      | Reached skill level 12 in Spellcasting
  9371 | D:8      | Noticed Maurice
  9391 | D:8      | Killed Maurice
  9392 | D:8      | Reached XP level 10. HP: 38/56 MP: 3/26
  9647 | D:8      | Slain by a bullfrog

Illustrated notes

Levels and vault maps discovered:
D:1:      matt_arrival_debris, layout_basic, serial_shops,
          nicolae_shop_advertising_works [nicolae_subvault_shop_adworks]
D:2:      layout_loops_corners
D:3:      layout_basic, serial_shops, shop_fountains
D:4:      layout_basic, mainiacjoe_overflow_small_starburst, uniq_ijyb
D:5:      layout_rooms, minitemple, minmay_temple_entry_slanted,
          gammafunk_ghost_nasty_kobolds
D:6:      layout_loops_ring, fiery_altar_vehumet, zin_academy
D:7:      minmay_evil_eye, layout_basic, fedhas_bush_and_centaur_altar,
          gammafunk_ghost_arena
D:8:      layout_gridville, xom_butterflies, uniq_joseph, uniq_pikel,
          uniq_maurice
Temple:   minmay_temple_curvy_loop

Skill      XL: |  1  2  3  4  5  6  7  8  9 |
---------------+----------------------------+-----
Stealth        | 3 4 |  4.1
Spellcasting   | 3 4 5 7 9 12 | 12.6
Dodging        | |  2.9
Conjurations   | |  4.6

Action                     |  1- 3 |  4- 6 |  7- 9 | 10-12 || total
---------------------------+-------+-------+-------+-------++-------
  Melee: Unarmed           |     5 |    12 |       |       ||    17
         Constrict         |     2 |     4 |       |     1 ||     7
         Tentacles         |     1 |     4 |     2 |     1 ||     8
         Dagger            |       |     1 |     9 |     1 ||    11
   Cast: Magic Dart        |    62 |    98 |   124 |     2 ||   286
         Searing Ray       |       |    13 |    47 |     3 ||    63
         Fulminant Prism   |       |       |     3 |       ||     3
         Iskenderun's Myst |       |       |       |     1 ||     1
 Invoke: Potion Petition   |       |       |     1 |       ||     1
  Evoke: Wand              |       |     2 |     6 |       ||     8
    Use: Potion            |       |     1 |       |       ||     1
 Armour: Skin              |     1 |     4 |     4 |       ||     9
  Dodge: Dodged            |    10 |    32 |    75 |     6 ||   123
  Block: Other             |       |       |    16 |     2 ||    18
         Reflection        |       |       |     1 |       ||     1

Table legend: (Time is in decaauts)
 A = Elapsed time spent in this place.
 B = Non-inter-level travel time spent in this place.
 C = Inter-level travel time spent in this place.
 D = Time resting spent in this place.
 E = Time spent auto-exploring this place.
 F = Levels seen in this place.
 G = Mean time per level.
                   A        B        C        D        E       F      G
               +--------+--------+--------+--------+--------+-----+--------+
         Total |   9642 |   9343 |    299 |    962 |   7500 |   9 | 1071.3 |
       Dungeon |   9443 |   9193 |    250 |    962 |   7355 |   8 | 1180.4 |
        Temple |    199 |    150 |     49 |      0 |    145 |   1 |  199.0 |
               +--------+--------+--------+--------+--------+-----+--------+

Top non-repeatable levels by time:
     D:4: 1603 daAuts
     D:6: 1596 daAuts
     D:7: 1551 daAuts
     D:2: 1253 daAuts
     D:1: 1163 daAuts
     D:3: 1077 daAuts
     D:5: 879 daAuts
     D:8: 317 daAuts
  Temple: 199 daAuts
